 Dungeon Crawl Stone Soup version 0.19.1-1-g22dce08 (webtiles) character file.

4353 dngmouse the Cleaver (level 10, -2/97 HPs)
             Began as a Minotaur Monk on Jan 16, 2017.
             Was a Priest of Okawaru.
             Killed from afar by an oklob plant (10 damage)
             ... with a splash of acid
             ... on level 8 of the Dungeon.
             The game lasted 00:25:12 (6474 turns).

dngmouse the Cleaver (Minotaur Monk)                Turns: 6474, Time: 00:25:16

Health: -2/97      AC:  8    Str: 22    XL:     10   Next: 12%
Magic:  7/9        EV: 15    Int:  9    God:    Okawaru [***...]
Gold:   192        SH:  5    Dex: 12    Spells: 0 memorised, 9 levels left

rFire  + . .     SeeInvis .     a - +0 war axe
rCold  . . .     Gourm    .     p - +5 ring mail
rNeg   . . .     Faith    .     L - +0 buckler
rPois  .         Spirit   .     V - +0 hat of Dogmatism {rF+ Str+2}
rElec  .         Reflect  .     z - +1 cloak
rCorr  .         Harm     .     d - +0 pair of gloves
MR     .....                    (no boots)
Stlth  +++.......               w - amulet of regeneration
                                N - ring of flight
                                h - +2 ring of intelligence

@: heroism, corroded
A: retaliatory headbutt, horns 2
a: Heroism, Renounce Religion, Evoke Flight


You were on level 8 of the Dungeon.
You worshipped Okawaru.
Okawaru was most pleased with you.
You were not hungry.

You visited 2 branches of the dungeon, and saw 9 of its levels.
You also visited: Sewer.

You collected 453 gold pieces.
You spent 261 gold pieces at shops.

Inventory:

Hand Weapons
 a - a +0 war axe (weapon)
Armour
 d - a +0 pair of gloves (worn)
 p - a +5 ring mail (worn)
 y - a +0 scale mail of magic resistance
 z - a +1 cloak (worn)
 L - a +0 buckler (worn)
 V - the +0 hat of Dogmatism (worn) {rF+ Str+2}
   (You bought it in a shop on level 8 of the Dungeon)

   It affects your strength (+2).
   It protects you from fire.
Jewellery
 h - a +2 ring of intelligence (left hand)
 j - an uncursed amulet of faith
 w - an amulet of regeneration (around neck)
 N - a ring of flight (right hand)
 P - the ring "Aseleff" {Dex+2 Stlth-, unknown}
   (You found it on level 7 of the Dungeon)

   [ring of loudness]

   It affects your dexterity (+2).
   It makes you less stealthy.
Wands
 k - a wand of confusion (14/48)
 s - a wand of slowing (33/48)
 F - a wand of digging (9/24)
 G - a wand of lightning (5/15)
 H - a wand of lightning (5/15)
 T - a wand of polymorph (8/24)
 U - a wand of lightning (6/15)
Scrolls
 b - 2 scrolls of magic mapping {unknown}
 m - 8 scrolls of identify {unknown}
 t - a scroll of amnesia {unknown}
 u - a scroll of fog {unknown}
 v - 3 scrolls of remove curse
 x - 2 scrolls of noise {unknown}
 B - 2 scrolls of enchant armour
 I - a scroll of immolation {unknown}
 J - 3 scrolls of recharging {unknown}
 Q - a scroll of acquirement {unknown}
 R - a scroll of teleportation {unknown}
 S - a scroll of random uselessness {unknown}
Potions
 e - 2 potions of might
 f - 8 potions of curing
 g - 4 potions of brilliance
 l - 6 potions of agility
 n - 3 potions of flight {unknown}
 o - 2 potions of heal wounds {unknown}
 A - a potion of mutation {unknown}
 E - a potion of resistance {unknown}
 K - a potion of magic {unknown}
 M - a potion of degeneration {unknown}
 O - a potion of haste {unknown}
Comestibles
 c - 13 bread rations
 i - a royal jelly
 q - a slice of pizza
 r - 3 beef jerkies
 C - a meat ration
 D - 4 fruits


   Skills:
 * Level 11.9(16.9) Fighting
 - Level 12.1(17.1) Axes
 - Level 5.8(10.8) Armour
 - Level 3.2(8.2) Dodging
 - Level 1.5(6.5) Stealth


You had 9 spell levels left.
You didn't know any spells.

Dungeon Overview and Level Annotations

Branches:
Dungeon (8/15)             Temple (1/1) D:6
   Lair: D:8-11

Altars:
Cheibriados
Dithmenos
Elyvilon
Fedhas
Gozag
Hepliaklqana
Kikubaaqudgha
Makhleb
Nemelex Xobeh
Okawaru
Qazlal
Ru
Sif Muna
Trog
Uskayaw
Vehumet
Xom
Yredelemnul
Zin
The Shining One

Shops:
D:8 [

Annotations:
D:8 exclusion: oklob plant


Innate Abilities, Weirdness & Mutations

You reflexively headbutt those who attack you in melee.
You have a pair of horns on your head.


Message History

You barely miss the bullfrog zombie. You hit the plant but do no damage.
The bullfrog zombie hits you.
* * * LOW HITPOINT WARNING * * *
You slice the oklob plant!!
You headbutt the oklob plant, but do no damage.
The oklob plant is severely damaged.
You hit the plant but do no damage. You slash the bullfrog zombie!
You block the bullfrog zombie's attack.
You hit the oklob plant but do no damage.
The oklob plant is severely damaged.
You hit the plant but do no damage. You slash the bullfrog zombie!
The bullfrog zombie hits you.
* * * LOW HITPOINT WARNING * * *
You hit the oklob plant but do no damage.
The oklob plant is severely damaged.
You hit the bullfrog zombie. You hit the plant.
The bullfrog zombie hits you but does no damage.
The oklob plant spits acid at you. The splash of acid hits you!
You die...

####.....................
..........###########....
#..##..#### #####
...........# ...........#
.##........# ##.......#
#....Z..# #...P@..#
#.#P_P### #.##P## # #. #.
.. .# #.


You could see an oklob plant and a bullfrog zombie.

Vanquished Creatures
  Pikel (D:6)
  The ghost of dngmouse the Cleaver, a novice MiMo (D:6)
  The ghost of Paps the Covered, a novice GrFi of the Shining One (D:5)
  A hornet (D:7)
  Grinder (D:4)
  Sigmund (D:4)
  Edmund (D:4)
  A slave (D:6)
  Purgy (D:4)
  An ice beast (D:7)
  A black bear (D:6)
  3 phantoms (D:4)
  5 ogres
  3 centaurs
  3 bullfrogs
  4 big kobolds (Sewer)
  A water moccasin skeleton (D:7)
  A scorpion (D:6)
  A wight (D:6)
  5 killer bees (D:7)
  A howler monkey (D:7)
  2 crimson imps (D:6)
  A hound (D:4)
  A centaur skeleton (D:6)
  Crazy Yiuf (D:4)
  A bullfrog skeleton (D:4)
  An orc wizard (D:6)
  Jessica (D:3)
  Ijyb (D:2)
  4 worker ants
  A hound skeleton (D:6)
  A worker ant zombie (D:8)
  7 gnolls
  A howler monkey skeleton (D:4)
  6 adders
  2 shadow imps
  3 oozes
  An adder zombie (D:6)
  4 worms
  6 leopard geckos
  3 orcs
  9 bats
  10 giant cockroaches
  7 goblins
  A hobgoblin (D:1)
  7 jackals
  4 quokkas
  5 ball pythons
  A frilled lizard (Sewer)
  A giant cockroach zombie (D:6)
  A jackal skeleton (D:5)
  17 kobolds
  A quokka skeleton (D:5)
  A quokka zombie (D:7)
  8 rats
159 creatures vanquished.

Vanquished Creatures (others)
  An adder (D:6)
1 creature vanquished.

Grand Total: 160 creatures vanquished

Notes
Turn   | Place    | Note
-------+----------+-------------------------------------------
     0 | D:1      | dngmouse the Minotaur Monk began the quest for the Orb.
     0 | D:1      | Reached XP level 1. HP: 19/19 MP: 0/0
   176 | D:1      | Found a snail-covered altar of Cheibriados.
   339 | D:1      | Reached skill level 4 in Axes
   404 | D:1      | Reached XP level 2. HP: 27/27 MP: 1/1
   751 | D:2      | Reached XP level 3. HP: 33/33 MP: 2/2
   794 | D:2      | Noticed Ijyb
   813 | D:2      | Killed Ijyb
   813 | D:2      | Reached skill level 5 in Axes
  1129 | D:3      | Noticed Jessica
  1132 | D:3      | Killed Jessica
  1132 | D:3      | Reached skill level 6 in Axes
  1132 | D:3      | Reached XP level 4. HP: 19/40 MP: 3/3
  1910 | D:3      | Reached XP level 5. HP: 40/46 MP: 4/4
  2378 | D:4      | Reached skill level 7 in Axes
  2401 | D:4      | Noticed an ogre
  2408 | D:4      | Killed an ogre
  2429 | D:4      | Reached XP level 6. HP: 51/52 MP: 5/5
  2448 | D:4      | Reached skill level 8 in Axes
  2495 | D:4      | Found a glowing drain.
  2516 | Sewer    | Entered a sewer
  2538 | Sewer    | Reached skill level 1 in Armour
  2801 | Sewer    | Reached skill level 9 in Axes
  2801 | Sewer    | Reached XP level 7. HP: 60/60 MP: 6/6
  3179 | D:4      | Noticed Grinder
  3190 | D:4      | Paralysed by Grinder for 3 turns
  3215 | D:4      | Killed Grinder
  3215 | D:4      | Reached skill level 10 in Axes
  3373 | D:4      | Reached XP level 8. HP: 64/67 MP: 7/7
  3410 | D:4      | Reached skill level 11 in Axes
  3563 | D:4      | Noticed Purgy
  3584 | D:4      | Killed Purgy
  3622 | D:4      | Noticed Sigmund
  3631 | D:4      | Killed Sigmund
  3631 | D:4      | Reached skill level 12 in Axes
  3636 | D:4      | Noticed Edmund
  3660 | D:4      | Killed Edmund
  3660 | D:4      | Reached skill level 5 in Fighting
  3844 | D:4      | Found a runed door.
  4069 | D:4      | Noticed Crazy Yiuf
  4081 | D:4      | Killed Crazy Yiuf
  4126 | D:5      | Entered Level 5 of the Dungeon
  4126 | D:5      | Noticed Paps's ghost (novice GrFi)
  4534 | D:5      | Killed Paps's ghost
  4756 | D:6      | Noticed Pikel
  4771 | D:6      | Killed Pikel
  4771 | D:6      | Reached XP level 9. HP: 62/81 MP: 8/8
  4896 | D:6      | Reached skill level 5 in Armour
  5091 | D:6      | Noticed dngmouse's ghost (novice MiMo)
  5104 | D:6      | Killed dngmouse's ghost
  5152 | D:6      | Found a staircase to the Ecumenical Temple.
  5158 | Temple   | Entered the Ecumenical Temple
  5385 | Temple   | Became a worshipper of Warmaster Okawaru
  5385 | Temple   | Reached * piety under Okawaru
  5385 | Temple   | Reached ** piety under Okawaru
  5494 | D:6      | Reached skill level 10 in Fighting
  5854 | D:7      | Reached XP level 10. HP: 96/96 MP: 9/9
  6212 | D:7      | Got an ancient copper ring
  6256 | D:7      | Found a sacrificial altar of Ru.
  6257 | D:7      | Found a shimmering altar of Xom.
  6262 | D:7      | Reached *** piety under Okawaru
  6263 | D:7      | Found a hide-covered altar of Uskayaw.
  6267 | D:7      | Found an ancient bone altar of Kikubaaqudgha.
  6268 | D:7      | Found a glowing golden altar of the Shining One.
  6403 | D:8      | Found Codilora's Antique Armour Boutique.
  6416 | D:8      | Bought a brightly glowing hat for 261 gold pieces
  6421 | D:8      | Identified the +0 hat of Dogmatism {rF+ Str+2} (You bought it in a shop on level 8 of the Dungeon)
  6460 | D:8      | Found an opulent altar of Gozag.
  6460 | D:8      | Noticed an oklob plant
  6474 | D:8      | Killed from afar by an oklob plant

Skill      XL: |  1  2  3  4  5  6  7  8  9 |
---------------+----------------------------+-----
Axes           | 4 6 7 9 10 12 | 12.1
Fighting       | 4 8 11 | 11.9
Armour         | 2 4 5 |  5.8
Dodging        | |  3.2
Stealth        | |  1.5

Action                   |  1- 3 |  4- 6 |  7- 9 | 10-12 || total
-------------------------+-------+-------+-------+-------++-------
Melee: Hand axe          |    75 |   128 |   254 |       ||   457
       Headbutt          |     9 |    22 |    57 |    10 ||    98
       War axe           |       |       |    61 |    44 ||   105
Invok: Heroism           |       |       |       |     1 ||     1
Evoke: Wand              |       |       |     2 |       ||     2
  Use: Scroll            |     1 |     2 |       |       ||     3
       Potion            |       |     1 |     3 |       ||     4
 Stab: Sleeping          |     1 |       |     2 |       ||     3
       Confused          |       |       |     2 |       ||     2
  Eat: Chunk             |     1 |     5 |    10 |     2 ||    18
Armor: Ring mail         |    26 |    52 |    89 |    15 ||   182
Dodge: Dodged            |    45 |    78 |   127 |    28 ||   278
Block: Buckler           |       |       |     5 |     5 ||    10
